 Dungeon Crawl Stone Soup version 0.23-a0-79-gaa8cc03 (webtiles) character file.

63 Coal the Grave Robber (level 3, -11/26 HPs)
             Began as a Demigod Necromancer on Aug 11, 2018.
             Killed from afar by a jackal (34 damage)
             ... with an exploding inner flame
             ... hexed by the player character
             ... on level 2 of the Dungeon.
             The game lasted 00:23:37 (2557 turns).

Coal the Grave Robber (Demigod Necromancer)         Turns: 2557, Time: 00:23:37

Health: -11/26     AC:  3    Str: 11    XL:     3   Next: 61%
Magic:  8/10       EV: 12    Int: 21    God:
Gold:   127        SH:  0    Dex: 16    Spells: 2/7 levels left

rFire    . . .     SeeInvis .   e - +0 short sword
rCold    . . .     Gourm    .   (no shield)
rNeg     . . .     Faith    .   d - +0 leather armour
rPois    .         Spirit   .   (no helmet)
rElec    .         Reflect  .   (no cloak)
rCorr    .         Harm     .   (no gloves)
MR       .....                  (no boots)
Stlth    ++........             (no amulet)
HPRegen  0.08/turn              (no ring)
MPRegen  0.12/turn              (no ring)

@: no status effects
A: high mp 1
a: no special abilities


You were on level 2 of the Dungeon.
You were not hungry.

You visited 1 branch of the dungeon, and saw 2 of its levels.

You collected 127 gold pieces.

Inventory:

Hand Weapons
 b - a +0 dagger
 e - a +0 short sword (weapon)
Armour
 a - a +0 robe
 d - a +0 leather armour (worn)
 f - a +0 cloak
Scrolls
 g - a scroll of identify
 h - a scroll of remove curse
Potions
 i - a potion of curing {unknown}
 k - a potion of haste
Comestibles
 c - 2 rations
 j - 2 chunks of flesh


   Skills:
 + Level 1.8 Dodging
 - Level 1.8 Stealth
 * Level 2.8 Spellcasting
 + Level 4.3 Necromancy


You had 2 spell levels left.
You knew the following spells:

 Your Spells              Type           Power        Failure   Level  Hunger
a - Pain                  Necr           ###.         3%          1    None
b - Vampiric Draining     Necr           ###.......   9%          3    ###....
c - Animate Skeleton      Necr           N/A          3%          1    None

Your spell library contained the following spells:

 Spells                   Type           Power        Failure   Level  Hunger
 Animate Dead             Necr           N/A          30%         4    ####...
 Regeneration             Chrm/Necr      ##........   22%         3    ###....


Dungeon Overview and Level Annotations

Branches:
Dungeon (2/15)


Innate Abilities, Weirdness & Mutations

You have an increased reservoir of magic. (+10% MP)


Message History

Casting: Animate Skeleton (safe; 3% risk of failure)
Confirm with . or Enter, or press ? or * to list all spells.
Aiming: Pain (safe; 3% risk of failure)
Press: ? - help, Shift-Dir - straight line, f - bat
Aim: a bat (inner flame, chance to defeat MR: 91%)
The bat writhes in agony!
The bat explodes!
The fiery explosion engulfs the jackal.
The jackal explodes!
The fiery explosion engulfs the jackal.
The jackal explodes!
The fiery explosion engulfs your adder skeleton.
Your adder skeleton explodes!
The fiery explosion engulfs the jackal.
The jackal explodes!
The fiery explosion engulfs the jackal.
The jackal explodes!
The fiery explosion engulfs you!
Ouch! That really hurt!
You die...

########..#.#
#....
######.#.#
#....
###...##.#.#
#...)
#..........#
#....
#..........#
#....
#..........#
#####
#########..#
########§.#
......§.@.#
.....§§§#.#
.....§§§#.#
.....§§§#.#
....!§§§#>#
.......$#.#
........#.#
...$....#.#
........#


There were no monsters in sight!

Vanquished Creatures
  3 adders (D:2)
  2 leopard geckos
  2 ball pythons
  A bat (D:1)
  4 giant cockroaches (D:1)
  5 goblins (D:1)
  4 hobgoblins
  2 jackals (D:2)
  5 kobolds (D:1)
  4 frilled lizards
  4 rats
36 creatures vanquished.

Vanquished Creatures (collateral kills)
  A rat (D:2)
1 creature vanquished.

Grand Total: 37 creatures vanquished

Notes
Turn   | Place    | Note
-------+----------+-------------------------------------------
     0 | D:1      | Coal the Demigod Necromancer began the quest for the Orb.
     0 | D:1      | Reached XP level 1. HP: 14/14 MP: 5/5
   414 | D:1      | Reached skill level 4 in Necromancy
   717 | D:1      | Reached XP level 2. HP: 20/20 MP: 5/7
  2069 | D:2      | Reached XP level 3. HP: 22/26 MP: 3/9
  2335 | D:2      | Learned a level 3 spell: Vampiric Draining
  2337 | D:2      | Learned a level 1 spell: Animate Skeleton
  2557 | D:2      | Killed from afar by a jackal

Vault maps used:
D:1:      erik_arrival_cave_to_civilisation, hangedman_abyss_or_decor_stabs

Skill      XL: |  1  2 |
---------------+-------+-----
Necromancy     | 4 |  4.3
Spellcasting   | 2 |  2.8
Dodging        | |  1.8
Stealth        | |  1.8

Action                   || total
-------------------------++-------
Melee: Unarmed           ||    11
       Short sword       ||    10
 Cast: Pain              ||    57
       Animate Skeleton  ||     4
       Vampiric Draining ||     3
  Use: Scroll            ||     9
       Potion            ||     3
  Eat: Ration            ||     2
Armor: Leather armour    ||     8
Dodge: Dodged            ||    29

Table legend:
 A = Non-vault XP
 B = Vault XP
 C = Vault XP percentage of total XP
 D = Non-vault monster count
 E = Vault monster count
 F = Vault count percentage of total count
 G = Total turns spent on level
                 A         B        C        D         E       F
            +---------+---------+-------+---------+---------+-------
      Total |      87 |       3 |   3.3 |      35 |       2 |   5.4
            +---------+---------+-------+---------+---------+-------
        D:1 |      39 |       3 |   7.1 |      22 |       2 |   8.3
        D:2 |      48 |       0 |   0.0 |      13 |       0 |   0.0
            +---------+---------+-------+---------+---------+-------
